AoeStats
← wangkona

Golden Pit

507731307Analyzed
1v1 RM · 14d ago on Sep 19, 2026· 54m 12s· 2 players
Game mode
Random Map
Map size
Tiny (2 player)
Population
200
Speed
Normal
Resources
Standard
Victory
Conquest
Starting age
Dark Age
Ending age
Imperial Age
RankedLock teamsTeams togetherTeam positionsShared explorationLock speedFull tech treeHidden civsTurbo modeCheats
Victory
Defeat
🇻🇳 Japanese · Vietnam
1026
+15
🇵🇪 Malians · Peru
1008
-15
Friki-Cat
6:38 Loom
9:46 Feudal Age
10:30 Double-Bit Axe
20:25 Wheelbarrow
22:32 Bloodlines
23:57 Forging
23:53 Scale Barding Armor
27:46 Horse Collar
28:16 Fletching
31:00 Castle Age
29:33 Padded Archer Armor
29:30 Gold Mining
31:29 Light Cavalry
31:30 Crossbowman
32:16 Thumb Ring
32:10 Bodkin Arrow
33:23 Husbandry
34:40 Iron Casting
44:03 Gold Shaft Mining
46:28 Imperial Age
47:55 Arbalester
wangkona
4:52 Loom
9:44 Feudal Age
15:33 Fletching
17:11 Padded Archer Armor
23:47 Castle Age
22:25 Double-Bit Axe
22:26 Horse Collar
23:30 Scale Mail Armor
24:33 Forging
24:40 Crossbowman
32:26 Heavy Plow
32:45 Stone Mining
35:03 Bodkin Arrow
39:36 Chain Mail Armor
40:49 Iron Casting
53:01 Imperial Age
54:28 Plate Mail Armor
55:01 Blast Furnace
53:40 Elite Samurai
55:22 Wheelbarrow
54:36 Town Watch
Connection lost

Rejoining the realm…

Still unreachable

The connection could not be restored.

Session expired

The server has moved on; the page needs a fresh start.